Map: [ESL] Inside and Out

Players

Serral - Winner!

  • Race: Zerg Zerg
  • Spawn Location: 1:00

Lambo

  • Race: Zerg Zerg
  • League: Master
  • Spawn Location: 7:00

Event: HomeStory Cup XXI

VOD

Have the link to the VOD?

Description

Time

  • Played on: July 24, 2022, 1:33 p.m.
  • Length: 6:51

All games in this series

Show
View Real Time Build Order
Export as new Build Order

Serral Zerg - Winner!

Build Orders: Hatch First 

Get SALT Encoding   

  12  0:00  Drone  
  13  0:12  Overlord  
  13  0:16  Drone  
  14  0:30  Drone x2  
  16  0:47  Hatchery  
  15  0:50  Drone  
  15  0:54  Drone  
  17  0:57  Drone  
  18  1:08  Extractor  
  17  1:12  Spawning Pool  
  17  1:15  Drone  
  17  1:19  Drone  
  18  1:27  Drone  
  19  1:59  Queen x2, Zergling x2  
  19  2:00  Zergling x6  
  27  2:10  Zergling x2  
  27  2:11  Metabolic Boost  
  28  2:20  Spine Crawler  
  27  2:25  Overlord, Zergling x2  
  28  2:33  Zergling x4  
  27  2:38  Zergling x2  
  24  2:46  Zergling x2  
  24  2:47  Zergling x2  
  24  2:50  Queen  
  24  2:56  Queen  
  21  3:00  Zergling x2  
  21  3:05  Zergling x2  
  23  3:08  Zergling x2  
  24  3:26  Queen  
  26  3:32  Queen  
  28  3:40  Drone x2  
  30  3:45  Drone  
  31  3:50  Drone x2  
  32  3:56  Drone  
  32  3:59  Drone  
  33  4:04  Zergling x2  
  33  4:06  Drone  
  33  4:08  Drone  
  36  4:15  Overlord  
  35  4:23  Overlord  
  35  4:32  Baneling Nest  
  35  4:33  Zergling x2  
  35  4:35  Drone  
  35  4:36  Drone  
  37  4:40  Drone  
  37  4:41  Drone  
  39  4:48  Drone  
  39  4:49  Drone x2  
  42  4:55  Evolution Chamber  
  41  5:00  Evolution Chamber  
  37  5:07  Zergling x6  
  39  5:15  Baneling x3  
  39  5:17  Zergling x6  
  39  5:18  Zergling x2  
  43  5:24  Drone x3  
  47  5:31  Baneling  
  47  5:32  Baneling x3  
  45  5:39  Drone x2  
  46  5:44  Zergling x2  
  46  5:47  Zergling x2  
  45  5:52  Zergling x2  
  45  6:00  Drone x3  
  45  6:01  Drone  
  45  6:02  Roach Warren, Extractor  
  47  6:05  Drone  
  48  6:15  Overlord  
  48  6:21  Overlord  
  48  6:25  Hatchery  
  45  6:34  Drone  
Show
View Real Time Build Order
Export as new Build Order

Lambo Zerg 

Build Orders: 1 Base Baneling Bust, Pool First, Zergling Baneling 

Get SALT Encoding   

  12  0:00  Drone  
  13  0:10  Extractor  
  12  0:22  Spawning Pool  
  12  0:27  Drone  
  12  0:33  Drone  
  13  0:38  Drone  
  14  0:48  Overlord  
  14  1:09  Zergling x4  
  14  1:11  Metabolic Boost  
  16  1:12  Zergling x2  
  17  1:21  Zergling x2  
  18  1:31  Baneling Nest  
  18  1:32  Zergling x2  
  18  1:43  Zergling x2  
  19  1:53  Zergling x2  
  20  2:04  Zergling x2  
  21  2:16  Baneling x2  
  21  2:20  Hatchery  
  20  2:27  Drone x2  
  22  2:33  Baneling  
  21  2:42  Drone  
  21  2:50  Drone  
  20  2:53  Queen  
  21  3:01  Drone  
  21  3:16  Drone  
  21  3:28  Overlord  
  21  3:29  Drone  
  21  3:32  Queen  
  24  3:34  Zergling x2  
  24  3:37  Queen  
  28  3:41  Zergling x2  
  28  3:47  Drone  
  28  3:58  Zergling x4  
  28  4:02  Zergling x6  
  27  4:11  Zergling x4  
  29  4:17  Drone x2  
  31  4:27  Zergling x4  
  33  4:38  Overlord  
  33  4:39  Zergling x2  
  34  4:46  Zergling x2  
  34  4:50  Baneling x5  
  35  4:57  Zergling x12  
  41  5:07  Zergling x2  
  41  5:09  Baneling x5  
  41  5:12  Zergling x2  
  42  5:16  Zergling x2  
  42  5:22  Drone  
  42  5:24  Overlord  
  42  5:26  Overlord  
  43  5:29  Drone  
  39  5:39  Zergling x6  
  39  5:42  Drone  
  39  5:49  Zergling x2  
  34  5:54  Drone  
  33  5:58  Drone  
  33  5:59  Baneling  
  33  6:01  Drone  
  35  6:06  Extractor, Drone  
  35  6:09  Drone  
  35  6:10  Drone  
  37  6:14  Drone  
  37  6:15  Drone  
  39  6:19  Drone  
  39  6:23  Drone x2  
  42  6:32  Drone x4  
  45  6:37  Drone x3  
  48  6:41  Extractor  
  48  6:43  Extractor  
Tags
 
Add a new tag
Caveats
  • Supply blocks, unpowered buildings, or Contaminate may cause inaccurate times.
  • Supply counts are checked every 10 seconds.